 Dungeon Crawl Stone Soup version 0.30-a0-772-g5528072125 (webtiles) character file.

Game seed: 9019900742183904103

96 dolemite99 the Magician (level 4, -3/31 HPs)
             Began as a Djinni Fire Elementalist on Feb 13, 2023.
             Killed by nerve-wracking pain
             ... invoked by Grinder
              (8 damage)
             ... while paralysed by Grinder
             ... on level 3 of the Dungeon.
             The game lasted 00:03:40 (1871 turns).

dolemite99 the Magician (Djinni Fire Elementalist)  Turns: 1871, Time: 00:03:40

Health: -3/31      AC:  2    Str:  7    XL:     4   Next: 98%
Gold:   123        EV: -1    Int: 19    God:
                   SH:  0    Dex: 13

rFire   + + .      SeeInvis .    i - +0 sling
rCold   x . .      Faith    .    (no shield)
rNeg    . . .      Spirit   .    a - +0 robe
rPois   ∞          Reflect  .    (no helmet)
rElec   .          Harm     .    (no cloak)
rCorr   .          Rampage  .    (no gloves)
Will    .....                    (boots unavailable)
Stlth   ++                       (no amulet)
HPRegen 0.25/turn                (no ring)
MPRegen 0.00/turn                (no ring)

@: paralysed, flying, constricted
A: sickness immunity, fire resistance 2, cold vulnerability 1, float, innate
caster, HP casting, extra vitality 1
a: no special abilities


You were on level 3 of the Dungeon.
You visited 1 branch of the dungeon, and saw 3 of its levels.

You collected 123 gold pieces.

Inventory:

Hand Weapons
 f - a +0 dagger
 h - a +0 hand axe
 i - a +0 sling (weapon)
 k - a +0 dagger of venom
Missiles
 b - 6 boomerangs
Armour
 a - a +0 robe (worn)
Scrolls
 c - 2 scrolls of poison {unknown}
 e - a scroll of fear {unknown}
 j - a scroll of butterflies {unknown}
 l - a scroll of fog {unknown}
Potions
 g - a potion of heal wounds
 m - a potion of curing


   Skills:
 - Level 2.1 Dodging
 - Level 1.5 Stealth
 + Level 4.1 Spellcasting


You couldn't memorise any spells.
You knew the following spells:

 Your Spells              Type           Power      Damage    Failure   Level
a - Foxfire               Conj/Fire      76%        2x1d7     2%          1
b - Scorch                Fire           38%        2d6       3%          2
c - Kindle Blastsparks    Fire/Tloc/Air  38%        2d13      8%          3
d - Inner Flame           Hex/Fire       19%        N/A       8%          3
e - Flame Wave            Conj/Fire      19%        2d7       24%         4
f - Necrotise             Necr           76%        1d7       2%          1
Your spell library was empty.

Dungeon Overview and Level Annotations

Branches:
Dungeon (3/15)

Altars:

Annotations:
D:3 Grinder


Innate Abilities, Weirdness & Mutations

You are immune to sickness and miasma.
You are immune to poison.
Your flesh is very heat resistant. (rF++)
You are vulnerable to cold. (rC-)
You float through the air rather than walking.
You learn spells naturally, not from books.
Your magical power is your life essence.
You have superior vitality. (+4 MHP)


Message History

You shoot a sling bullet. The sling bullet barely misses the bat.
The bat hits you but does no damage.
You shoot a sling bullet. The sling bullet barely misses the bat.
The bat hits you but does no damage. The bat barely misses you. x2
Casting: Scorch (safe; 3% risk of failure)
Confirm with . or Enter, or press ? or * to list all spells.
Flames lash the bat.
You kill the bat!
Grinder comes into view.
Found a scroll labelled ECVAEB WEMN.
Casting: Scorch (safe; 3% risk of failure)
Confirm with . or Enter, or press ? or * to list all spells.
Flames lash Grinder.
Grinder shouts!
Grinder is lightly wounded.
Grinder's fire resistance burns away.
A ball python comes into view.
Grinder gestures at you. Pain shoots through your body!
Grinder gestures at you.
You suddenly lose the ability to move!
The ball python hisses angrily.
Grinder is no longer more vulnerable to fire.
Grinder gestures at you. Pain shoots through your body!
* * * LOW HITPOINT WARNING * * *
The ball python bites you.
* * * LOW HITPOINT WARNING * * *
The ball python grabs you. The ball python constricts you.
Grinder gestures at you.
You shrug off the repeated paralysis!
The ball python bites you.
* * * LOW HITPOINT WARNING * * *
The ball python constricts you.
The ball python bites you but does no damage.
The ball python constricts you.
* * * LOW HITPOINT WARNING * * *
Grinder gestures at you. Pain shoots through your body!
You die...

#..#
####..).....#
#..#
#...........
#..#
####.......#
#..#
####....#
#..# #.#...
#..# .....#
#..# ##.#..#
#..# #.#...
#@.# ...
...?.5.S.#
#..#
#######..#
#.. #..# #.
.... #.##.
#.# . #.# .


You could see Grinder and a ball python.

Vanquished Creatures
  4 adders (D:2)
  A worm (D:2)
  2 dart slugs
  8 bats
  3 endoplasms
  3 giant cockroaches
  5 goblins
  3 hobgoblins
  6 jackals (D:1)
  2 quokkas (D:1)
  3 ball pythons
  A frilled lizard (D:1)
  4 kobolds
  5 rats (D:1)
50 creatures vanquished.

Vanquished Creatures (others)
  81 foxfires
81 creatures vanquished.

Grand Total: 131 creatures vanquished

Notes
Turn   | Place    | Note
-------+----------+-------------------------------------------
     0 | D:1      | dolemite99 the Djinni Fire Elementalist began the quest for
                  | the Orb.
     0 | D:1      | dolemite99 set off with the following spells memorised:
                  | Foxfire, Scorch, Kindle Blastsparks, Inner Flame, Flame
                  | Wave.
     0 | D:1      | Reached XP level 1. HP: 15/15 MP: 0/0
   218 | D:1      | Reached XP level 2. HP: 20/21 MP: 0/0
   226 | D:1      | Reached skill level 3 in Spellcasting
   565 | D:1      | Reached XP level 3. HP: 19/25 MP: 0/0
   565 | D:1      | Learned a level 1 spell: Necrotise
  1190 | D:2      | Reached XP level 4. HP: 26/31 MP: 0/0
  1413 | D:2      | Reached skill level 4 in Spellcasting
  1865 | D:3      | Noticed Grinder
  1867 | D:3      | Paralysed by Grinder for 5 turns
  1871 | D:3      | Killed from afar by Grinder

Illustrated notes

Levels and vault maps discovered:
D:1:      lightli_arrival_flooded_house, layout_basic
D:2:      layout_basic, chequers_serial_rivers_micro_b,
          nicolae_elevator_lobby_plus
D:3:      layout_basic, mainiacjoe_overflow_six_doors_small, serial_shops, shop,
          basic_ecumenical_altar, uniq_grinder

Skill      XL: |  1  2  3  4 |
---------------+-------------+-----
Spellcasting   | 3 4 |  4.1
Dodging        | |  2.1
Stealth        | |  1.5

Action                     |  1- 3 |  4- 6 || total
---------------------------+-------+-------++-------
  Melee: Unarmed           |     1 |       ||     1
   Fire: Sling             |       |     9 ||     9
   Cast: Foxfire           |    33 |    14 ||    47
         Scorch            |     9 |     7 ||    16
    Use: Scroll            |       |     3 ||     3
 Armour: Robe              |    15 |     7 ||    22
  Dodge: Dodged            |    42 |     8 ||    50

Table legend: (Time is in decaauts)
 A = Elapsed time spent in this place.
 B = Non-inter-level travel time spent in this place.
 C = Inter-level travel time spent in this place.
 D = Time resting spent in this place.
 E = Time spent auto-exploring this place.
 F = Levels seen in this place.
 G = Mean time per level.
                   A        B        C        D        E       F      G
               +--------+--------+--------+--------+--------+-----+--------+
         Total |   1873 |   1841 |     32 |    478 |    936 |   3 |  624.3 |
       Dungeon |   1873 |   1841 |     32 |    478 |    936 |   3 |  624.3 |
               +--------+--------+--------+--------+--------+-----+--------+

Top non-repeatable levels by time:
     D:1: 1052 daAuts
     D:2: 542 daAuts
     D:3: 278 daAuts
